 Dungeon Crawl Stone Soup version 0.14.0-20-g75a2fc2 (webtiles) character file.

13241 Duskembrace the Spry (level 11, 0/49 HPs)
             Began as a Spriggan Assassin on Apr 21, 2014.
             Was a High Priest of Okawaru.
             Slain by an orc warrior
             ... wielding a +0,+2 halberd of venom
              (10 damage)
             ... on Level 4 of the Orcish Mines.
             The game lasted 01:55:43 (20560 turns).

Duskembrace the Spry (Spriggan Assassin)           Turns: 20560, Time: 01:55:44

HP   0/49        AC  9     Str 11      XL: 11   Next: 59%
MP  22/22        EV 35     Int 16      God: Okawaru [*****.]
Gold 1009        SH  0     Dex 20      Spells:  0 memorised, 10 levels left

rFire  . . .     SeeInvis +     a - +4 dagger (drain)
rCold  + + .     Clarity  +     r - +2 robe {rC+}
rNeg   . . .     Conserve .     (shield restricted)
rPois  +         rCorr    .     w - +2 hat of Integrity {rPois Int+2 Dam+4 SInv}
rElec  .         rRot     .     D - +2 cloak
SustAb . .       Spirit   .     (gloves unavailable)
rMut   .         Warding  .     (boots unavailable)
Saprov . . .     Stasis   .     X - amulet of clarity
MR     +....                    I - +4 ring of strength
                                i - ring of protection from cold

@: very quick, somewhat resistant to hostile enchantments, extraordinarily
stealthy
A: unfitting armour, see invisible, herbivore 3, speed 3, slow metabolism 2
a: Heroism, Finesse, Renounce Religion


You were on level 4 of the Orcish Mines.
You worshipped Okawaru.
Okawaru was extremely pleased with you.
You were not hungry.

You visited 3 branches of the dungeon, and saw 16 of its levels.

You collected 1597 gold pieces.
You spent 588 gold pieces at shops.

Inventory:

Hand weapons
 a - a +4,+4 dagger of draining (weapon)
 b - a +0 blowgun
 c - a +0,+1 dagger of speed
 d - a +5,+4 quick blade
 g - a +4,+0 cutlass of draining
 J - a +0,+1 dagger of flaming
Missiles
 e - 101 poisoned needles
 f - 6 curare-tipped needles
 M - 4 needles of confusion
 Q - 2 throwing nets (quivered)
Armour
 r - a +2 robe of cold resistance (worn)
 w - the +2 hat of Integrity (worn) {rPois Int+2 Dam+4 SInv}
   (Okawaru gifted it to you on level 4 of the Orcish Mines)

   It affects your intelligence (+2).
   It affects your damage with ranged weapons and melee attacks (+4).
   It protects you from poison.
   It enhances your eyesight.
 D - a +2 cloak (worn)
Comestibles
 F - 5 bread rations
 V - a royal jelly
Scrolls
 n - 5 scrolls of remove curse
 p - 5 scrolls of magic mapping
 s - 2 scrolls of recharging
 u - a scroll of identify
 v - 3 scrolls of fear
 y - a scroll of blinking
 C - 7 scrolls of teleportation
Jewellery
 h - an uncursed ring of fire
 i - a ring of protection from cold (left hand)
 k - an uncursed ring of ice
 m - an uncursed amulet of resist corrosion
 o - an uncursed ring of teleport control {unknown}
 G - an uncursed ring of ice
 I - a +4 ring of strength (right hand)
 P - a +3 ring of strength
 X - an amulet of clarity (around neck)
Potions
 j - 2 potions of might
 l - a potion of invisibility
 q - a potion of heal wounds
 t - 5 potions of curing
 x - 3 potions of agility
 H - a potion of lignification
 N - a potion of restore abilities
 O - 3 potions of confusion {unknown}
 R - a potion of resistance {unknown}
 S - 2 potions of paralysis {unknown}
 U - a potion of brilliance {unknown}
 Z - a potion of berserk rage {unknown}
Rods
 W - a +1 rod of destruction (14/14)
   (You found it on level 6 of the Dungeon)


   Skills:
 - Level 1.5 Fighting
 - Level 10.0 Short Blades
 - Level 2.1 Throwing
 + Level 18.3 Dodging
 + Level 12.9 Stealth
 + Level 2.8 Invocations
 + Level 1.7 Evocations


You had 10 spell levels left.
You didn't know any spells.

Dungeon Overview and Level Annotations

Branches:
Dungeon (9/15)             Temple (0/1) D:5             Orc (4/4) D:9
   Lair (3/8) D:9
    Elf: Orc:3-4      Swamp: Lair:3-6    Shoals: Lair:3-6     Snake: Lair:3-6
 Spider: Lair:3-6

Altars:
Ashenzari
Cheibriados
Elyvilon
Fedhas
Kikubaaqudgha
Nemelex Xobeh
Okawaru
Vehumet
Yredelemnul
Zin
The Shining One
Beogh

Shops:
D:6 [   D:7 (   D:8 (   Orc:3 !(*(*

Annotations:
Lair:3 exclusion: oklob plant


Innate Abilities, Weirdness & Mutations

You are tiny and cannot use many weapons and most armour.
You have supernaturally acute eyesight.
You are a herbivore.
You cover ground extremely quickly.
You need consume almost no food.


Message History

You barely miss the orc priest.
The orc priest is severely wounded.
The orc warrior completely misses you.
You closely miss the orc priest.
The orc priest is severely wounded.
You hit the orc priest. You drain the orc priest!
You kill the orc priest!
Okawaru accepts your kill. The orc warrior completely misses you.
Things that are here:
a giant club; an ogre corpse An orc comes into view.
It is wielding a mace.
An orc wizard comes into view. It is wielding a hand axe.
The orc wizard shouts!
The orc shouts!
The orc wizard casts a spell at you. The puff of flame hits you!
* * * LOW HITPOINT WARNING * * *
The orc warrior hits you from afar with a glowing halberd!
You die...

###
##.)..#..............
##.).#..............
#.o....)............
###...)...).........#
#####.#.))).........<..
##..#o...)()...........
#....#.#)..............
##.)###.#).............
##.o##..o.@...........
#..............#.....
##..##...............
####.#.......o......
#...#............
##.....##.###...
#......### .. ##..#.##
######


You could see an orc warrior, an orc wizard and an orc (wandering).

Vanquished Creatures
  Snorg (Orc:1)
  Fannar (Orc:1)
  A centaur warrior (D:9)
  Maurice (D:9)
  Harold (Lair:3)
  A fire drake (Lair:1)
  6 spiny frogs
  A black mamba (Lair:2)
  3 komodo dragons
  A wyvern (Lair:2)
  A spriggan (Lair:1)
  2 hungry ghosts
  A hippogriff (Lair:1)
  Prince Ribbit (D:8)
  2 water moccasins
  7 wolves
  A necrophage (D:9)
  4 phantoms
  2 sky beasts
  A warg (Orc:3)
  3 porcupines
  8 orc warriors
  A yellow wasp (D:8)
  8 ogres
  A swamp drake (D:9)
  12 yaks
  A scorpion (D:6)
  9 giant frogs
  Grum (D:9)
  2 crocodiles
  4 jellies
  5 crimson imps
  9 killer bees
  9 giant slugs
  4 centaurs
  A giant frog skeleton (D:9)
  Crazy Yiuf (D:2)
  2 iguanas
  10 orc priests
  A deep elf fighter (Orc:2)
  5 worker ants
  2 ice beasts
  11 orc wizards
  An ogre zombie (D:5)
  A mummy (D:9)
  8 hounds
  9 gnolls
  18 adders
  4 giant mites
  Ijyb (D:6)
  An inept feature mimic (D:2)
  8 worms
  7 big kobolds
  A goliath beetle zombie (D:6)
  An adder skeleton (D:8)
  5 giant geckos
  An ooze (D:1)
  74 orcs
  17 bats
  2 bat skeletons
  A bat zombie (D:6)
  14 green rats
  14 hobgoblins
  12 jackals
  5 giant cockroaches
  2 giant eyeballs
  6 giant newts
  25 goblins
  89 kobolds
  An orc skeleton (D:4)
  8 quokkas
  22 rats
  4 ballistomycetes (D:7)
511 creatures vanquished.

Vanquished Creatures (others)
  A jelly (D:7)
  A giant spore (D:7)
2 creatures vanquished.

Grand Total: 513 creatures vanquished

Notes
Turn   | Place    | Note
--------------------------------------------------------------
     0 | D:1      | Duskembrace, the Spriggan Assassin, began the quest for the Orb.
     0 | D:1      | Reached XP level 1. HP: 10/10 MP: 2/2
    16 | D:1      | Reached skill level 6 in Stealth
   480 | D:1      | Reached XP level 2. HP: 14/14 MP: 4/4
  1156 | D:2      | Reached XP level 3. HP: 18/18 MP: 6/6
  1926 | D:2      | Reached XP level 4. HP: 18/22 MP: 8/8
  2158 | D:2      | Noticed Crazy Yiuf
  2170 | D:2      | Killed Crazy Yiuf
  2503 | D:2      | Reached skill level 5 in Dodging
  2659 | D:3      | Reached XP level 5. HP: 25/25 MP: 10/10
  2834 | D:3      | Found a glowing golden altar of the Shining One.
  2835 | D:3      | Noticed an angel
  2839 | D:3      | Found a basalt altar of Yredelemnul.
  2840 | D:3      | Noticed a profane servitor
  3314 | D:3      | Found a glowing silver altar of Zin.
  3321 | D:3      | Found a sparkling altar of Nemelex Xobeh.
  3329 | D:3      | Found a radiant altar of Vehumet.
  3337 | D:3      | Found an iron altar of Okawaru.
  3339 | D:3      | Found a blossoming altar of Fedhas.
  3340 | D:3      | Found a white marble altar of Elyvilon.
  3344 | D:3      | Became a worshipper of Warmaster Okawaru
  3814 | D:4      | Reached XP level 6. HP: 30/30 MP: 12/12
  3897 | D:4      | Reached skill level 7 in Dodging
  4221 | D:5      | Entered Level 5 of the Dungeon
  4296 | D:5      | Found a snail-covered altar of Cheibriados.
  4915 | D:5      | Reached skill level 8 in Dodging
  5497 | D:5      | Found a staircase to the Ecumenical Temple.
  5616 | D:5      | Reached XP level 7. HP: 30/33 MP: 14/14
  5839 | D:5      | Acquired Okawaru's first power
  5839 | D:5      | Reached skill level 9 in Dodging
  6247 | D:5      | Reached skill level 10 in Dodging
  6267 | D:5      | Reached skill level 5 in Short Blades
  7029 | D:6      | Found Ceshizo's Antique Armour Shop.
  7675 | D:6      | Reached skill level 11 in Dodging
  7675 | D:6      | Reached XP level 8. HP: 37/37 MP: 16/16
  7680 | D:6      | Noticed Ijyb
  7714 | D:6      | Killed Ijyb
  8493 | D:7      | Found Haadu's Weapon Shop.
  8536 | D:7      | Reached skill level 12 in Dodging
  9502 | D:7      | Found a white marble altar of Elyvilon.
  9590 | D:7      | Reached skill level 13 in Dodging
  9859 | D:7      | Paralysed by a giant eyeball for 2 turns
 10231 | D:8      | Reached XP level 9. HP: 36/41 MP: 18/18
 10461 | D:8      | Reached skill level 14 in Dodging
 10788 | D:8      | Found Strarim's Antique Weapon Shop.
 10968 | D:8      | Noticed Prince Ribbit
 10979 | D:8      | Killed Prince Ribbit
 11140 | D:8      | Reached skill level 15 in Dodging
 11366 | D:9      | Noticed Maurice
 11402 | D:9      | Killed Maurice
 11643 | D:9      | Reached skill level 16 in Dodging
 11795 | D:9      | Found a staircase to the Lair.
 11918 | D:9      | Found a shattered altar of Ashenzari.
 11984 | D:9      | Noticed Grum
 12054 | D:9      | Reached XP level 10. HP: 35/46 MP: 18/20
 12258 | D:9      | Reached skill level 1 in Invocations
 12341 | D:9      | Killed Grum
 12606 | D:9      | Found a staircase to the Orcish Mines.
 12831 | D:9      | Noticed a centaur warrior
 12849 | D:9      | Killed a centaur warrior
 13084 | D:9      | Acquired Okawaru's second power
 13375 | Lair:1   | Entered Level 1 of the Lair of Beasts
 13724 | Lair:1   | Reached skill level 1 in Evocations
 13870 | Lair:1   | Reached skill level 10 in Short Blades
 14336 | Lair:1   | Reached skill level 10 in Stealth
 14641 | Lair:1   | HP: 2/46 [fire drake/blast of flame (20)]
 14646 | Lair:1   | Received a gift from Okawaru
 15559 | Lair:1   | Reached XP level 11. HP: 23/49 MP: 22/22
 16442 | Lair:2   | Reached skill level 17 in Dodging
 17011 | Lair:3   | Noticed Harold
 17047 | Lair:3   | Killed Harold
 17293 | Lair:3   | Found an ancient bone altar of Kikubaaqudgha.
 17870 | Orc:1    | Entered Level 1 of the Orcish Mines
 18201 | Orc:2    | Noticed Snorg
 18204 | Orc:2    | Noticed Fannar
 18387 | Orc:1    | Killed Snorg
 18781 | Orc:1    | Killed Fannar
 18781 | Orc:1    | Reached skill level 18 in Dodging
 19423 | Orc:3    | Found Caedass' Assorted Antiques.
 19527 | Orc:3    | Found Qeohuj's Antique Weapon Boutique.
 19556 | Orc:3    | Found Ifemnan's Distillery.
 19885 | Orc:3    | Noticed a deep elf summoner
 19953 | Orc:3    | Found Afotu's Weapon Shop.
 19962 | Orc:3    | Bought a +5,+4 quick blade for 588 gold pieces
 19986 | Orc:3    | Found Stueniawas' Assorted Antiques.
 20011 | Orc:4    | Entered Level 4 of the Orcish Mines
 20225 | Orc:4    | Received a gift from Okawaru
 20226 | Orc:4    | Got a faintly humming hat {god gift}
 20229 | Orc:4    | Identified the +2 hat of Integrity {rPois Int+2 Dam+4 SInv} (Okawaru gifted it to you on level 4 of the Orcish Mines)
 20340 | Orc:4    | Found a roughly hewn altar of Beogh.
 20560 | Orc:4    | Slain by an orc warrior

Action                   |  1- 3 |  4- 6 |  7- 9 | 10-12 || total
-------------------------+-------+-------+-------+-------++-------
Melee: Dagger            |   102 |   438 |   978 |   983 ||  2501
       Short sword       |       |       |    29 |       ||    29
       Cutlass           |       |       |    10 |     9 ||    19
       Quick blade       |       |       |       |    77 ||    77
 Fire: Blowgun           |    15 |    33 |    45 |    83 ||   176
Throw: Throwing net      |       |       |     2 |     1 ||     3
Invok: Heroism           |       |       |     2 |     7 ||     9
Evoke: Wand              |       |       |       |     3 ||     3
  Use: Potion            |     2 |       |     1 |     1 ||     4
       Scroll            |       |       |    15 |    13 ||    28
 Stab: Sleeping          |     6 |    15 |    18 |    26 ||    65
       Distracted        |       |     3 |       |     7 ||    10
       Confused          |       |       |     1 |     1 ||     2
       Held in net/web   |       |       |       |     1 ||     1
